 Dungeon Crawl Stone Soup version 0.22-a0-160-gcc81d7a (webtiles) character file.

336 mhoghedin the Sneak (level 6, -5/49 HPs)
             Began as a Naga Venom Mage on Feb 10, 2018.
             Slain by a mummy (17 damage)
             ... in an ossuary.
             The game lasted 00:10:24 (3906 turns).

mhoghedin the Sneak (Naga Venom Mage)               Turns: 3906, Time: 00:10:25

Health: -5/49      AC:  4    Str: 10    XL:     6   Next: 54%
Magic:  10/10      EV: 10    Int: 18    God:
Gold:   304        SH:  0    Dex: 11    Spells: 1/11 levels left

rFire    . . .     SeeInvis +   d - +0 mace
rCold    . . .     Gourm    .   (no shield)
rNeg     + . .     Faith    .   a - +1 robe
rPois    +         Spirit   .   (no helmet)
rElec    .         Reflect  .   (no cloak)
rCorr    .         Harm     .   (no gloves)
MR       .....                  (no barding)
Stlth    +++.......             (no amulet)
HPRegen  0.16/turn              m - ring of positive energy {rN+}
MPRegen  0.12/turn              (no ring)

@: very slow
A: large, see invisible, deformed body, poison resistance, slowness 2, slow
metabolism 1, spit poison 1, AC +2
a: Spit Poison


You were in an ossuary.
You were hungry.

You visited 1 branch of the dungeon, and saw 4 of its levels.
You also visited: Ossuary.

You collected 304 gold pieces.

Inventory:

Hand Weapons
 d - a +0 mace (weapon)
   (You found it on level 1 of the Dungeon)
Armour
 a - a +1 robe (worn)
Jewellery
 m - a ring of positive energy (left hand) {rN+}
   (You found it on level 2 of the Dungeon)
Scrolls
 e - 3 scrolls of remove curse
 h - a scroll of immolation {!r}
 r - a scroll of fear
Potions
 f - a potion of flight {unknown}
 g - a potion of lignification {!q}
 i - a potion of resistance {unknown}
 j - a potion of might {unknown}
 l - a potion of cancellation
 o - a potion of berserk rage {!q}
 p - a potion of agility {unknown}
Books
 b - a Young Poisoner's Handbook
Comestibles
 c - 8 rations
 k - 2 chunks of flesh {@w0}


   Skills:
 - Level 1.5 Dodging
 + Level 6.8 Stealth
 - Level 3.0 Spellcasting
 - Level 1.5 Conjurations
 - Level 1.0 Air Magic
 + Level 6.6 Poison Magic


You had one spell level left.
You knew the following spells:

 Your Spells              Type           Power        Failure   Level  Hunger
a - Sting                 Conj/Pois      ###.         3%          1    None
b - Poisonous Vapours     Pois/Air       ###...       4%          2    ##.....
c - Olgreb's Toxic Radia  Pois           ####....     11%         4    ####...
x - Mephitic Cloud        Conj/Pois/Air  ##......     14%         3    ###....


Dungeon Overview and Level Annotations

Branches:
Dungeon (4/15)
 Temple: D:4-7

Altars:
Nemelex Xobeh

Annotations:
D:3 Sinthome's ghost, weakling HOFi


Innate Abilities, Weirdness & Mutations

You cannot wear boots.
Your serpentine skin is tough. (AC +2)
You have supernaturally acute eyesight. (SInv)
Armour fits poorly on your strangely shaped body.
Your system is resistant to poisons. (rPois)
You cover ground very slowly.
You have a slow metabolism.
You can spit poison.


Message History

An orc zombie comes into view. 2 zombies come into view.
Your surroundings seem slightly different.
You are feeling hungry.
A gnoll zombie comes into view. 2 mummies and a zombie come into view. 2 mummies come into view.
An orc zombie comes into view.
A hobgoblin zombie comes into view.
Unknown command.
You aren't carrying any items that you can evoke.
Okay, then.
Unknown command.
There is a gate leading back out of this place here.
Really quaff
g - 2 potions of lignification {!q}?
You turn into a tree.
Your +1 robe melds into your body.
Your roots penetrate the ground.
You now have 73/73 hp.
Okay, then.
Unknown command.
Unknown command.
You cannot move.
You barely miss the hobgoblin zombie.
The hobgoblin zombie hits you but does no damage.
The kobold zombie hits you but does no damage.
You hit the mummy but do no damage. The hobgoblin zombie hits you.
The kobold zombie hits you but does no damage.
You take 3 damage, and have 70/73 hp.
You hit the mummy.
The hobgoblin zombie hits you but does no damage.
You hit the mummy.
The hobgoblin zombie hits you but does no damage.
The mummy hits you but does no damage.
The hobgoblin zombie hits you but does no damage.
You barely miss the mummy.
The kobold zombie hits you but does no damage.
The mummy hits you! The mummy hits you but does no damage.
The hobgoblin zombie barely misses you. The gnoll zombie hits you.
You take 11 damage, and have 60/73 hp.
You hit the mummy but do no damage.
The kobold zombie hits you but does no damage.
The mummy hits you!
The hobgoblin zombie hits you but does no damage.
The gnoll zombie hits you but does no damage.
The mummy hits you but does no damage.
You take 7 damage, and have 53/73 hp.
You hit the mummy but do no damage.
The kobold zombie hits you but does no damage.
The hobgoblin zombie completely misses you.
The gnoll zombie hits you but does no damage.
The mummy hits you but does no damage.
You hit the mummy.
The kobold zombie hits you but does no damage.
The mummy hits you but does no damage. The hobgoblin zombie hits you.
The gnoll zombie hits you but does no damage.
The kobold zombie hits you.
You take 3 damage, and have 50/73 hp.
You hit the mummy but do no damage.
Your transformation is almost over.
The mummy hits you. The mummy hits you!
The gnoll zombie hits you but does no damage.
The kobold zombie hits you but does no damage.
You take 7 damage, and have 43/73 hp.
You are too injured to fight recklessly!
Unknown command.
You barely miss the mummy.
The gnoll zombie hits you but does no damage.
The mummy hits you. The mummy hits you but does no damage.
The kobold zombie hits you but does no damage.
You take 4 damage, and have 39/73 hp.
You barely miss the mummy.
The gnoll zombie hits you but does no damage.
The kobold zombie hits you but does no damage.
The mummy hits you but does no damage. The mummy hits you.
The mummy hits you but does no damage.
You take 6 damage, and have 33/73 hp.
You closely miss the mummy.
The gnoll zombie hits you but does no damage.
The kobold zombie hits you.
The mummy hits you but does no damage. x3
You take 1 damage, and have 32/73 hp.
You hit the mummy. The gnoll zombie barely misses you.
The kobold zombie hits you but does no damage.
The mummy hits you but does no damage. x2; The mummy hits you!
You take 9 damage, and have 23/73 hp.
You sock the mummy!
You destroy the mummy!
The gnoll zombie hits you.
* * * LOW HITPOINT WARNING * * *
The kobold zombie hits you but does no damage.
The gnoll zombie hits you.
* * * LOW HITPOINT WARNING * * *
You take 6 damage, and have 17/73 hp.
You hit the gnoll zombie.
The kobold zombie hits you but does no damage.
The mummy hits you but does no damage. x2; The gnoll zombie barely misses you.
You barely miss the gnoll zombie.
You feel less wooden.
Your +1 robe unmelds from your body.
The kobold zombie closely misses you. The mummy barely misses you.
The mummy hits you!
You die...

#....#
#....#
#....#
#....#
#....#
#....#
#ZZ..#
#ZMM.#
#.@Z.#
######


You could see 2 mummies, a hobgoblin zombie, a gnoll zombie, a kobold zombie and
an orc zombie.

Vanquished Creatures
  2 orc priests (D:2)
  4 orc wizards (D:4)
  A hound skeleton (D:4)
  A mummy (Ossuary)
  2 adders
  A gnoll (D:1)
  2 oozes
  2 dart slugs (D:1)
  5 leopard geckos
  9 orcs
  A ball python (D:4)
  7 bats
  5 giant cockroaches
  6 goblins
  3 hobgoblins
  9 jackals
  10 kobolds
  A quokka (D:4)
  9 frilled lizards
  4 rats
  A plant (D:2)
85 creatures vanquished.

Notes
Turn   | Place    | Note
-------+----------+-------------------------------------------
     0 | D:1      | mhoghedin the Naga Venom Mage began the quest for the Orb.
     0 | D:1      | Reached XP level 1. HP: 15/15 MP: 3/3
    90 | D:1      | Reached XP level 2. HP: 16/22 MP: 1/5
   218 | D:1      | Learned a level 2 spell: Poisonous Vapours
   233 | D:1      | Reached XP level 3. HP: 22/28 MP: 6/6
  1443 | D:2      | Reached skill level 4 in Stealth
  1459 | D:2      | Reached skill level 1 in Air Magic
  1460 | D:2      | HP: 7/28 [giant cockroach (2)]
  1598 | D:2      | Learned a level 3 spell: Mephitic Cloud
  1704 | D:2      | Found a sparkling altar of Nemelex Xobeh.
  1767 | D:2      | Reached XP level 4. HP: 36/36 MP: 4/7
  2304 | D:2      | Reached skill level 5 in Poison Magic
  2311 | D:2      | Reached skill level 3 in Spellcasting
  2311 | D:2      | Reached XP level 5. HP: 16/42 MP: 0/9
  2513 | D:2      | Learned a level 4 spell: Olgreb's Toxic Radiance
  2773 | D:3      | Reached skill level 5 in Stealth
  2854 | D:3      | Found a glowing drain.
  3022 | D:3      | Noticed Sinthome's ghost (weakling HOFi)
  3376 | D:4      | Reached skill level 6 in Stealth
  3376 | D:4      | Reached skill level 6 in Poison Magic
  3376 | D:4      | Reached XP level 6. HP: 29/49 MP: 0/10
  3383 | D:4      | HP: 12/49 [orc wizard/magic dart (7)]
  3394 | D:4      | HP: 7/49 [orc/whip (3)]
  3856 | D:4      | Found a sand-covered staircase.
  3866 | Ossuary  | Entered an ossuary
  3904 | Ossuary  | HP: 17/73 [gnoll zombie (3)]
  3906 | Ossuary  | Slain by a mummy

Vault maps used:
D:1:      grunt_arrival_crossed_arrows
D:2:      cheibrodos_pilgrimage, lemuel_doored_altar, serial_forest,
          infiniplex_forest_end_3, infiniplex_forest_lined_room_,
          infiniplex_forest_clump_cross, infiniplex_forest_end_double,
          infiniplex_forest_lined_room_, infiniplex_forest_clump_diagonal,
          infiniplex_forest_clump_curved, infiniplex_forest_end_1,
          infiniplex_forest_clump_long
D:3:      portal_sewer_entry_f
D:4:      nicolae_ossuary_entry_plus
Ossuary:  ossuary_tomb_3

Skill      XL: |  1  2  3  4  5 |
---------------+----------------+-----
Stealth        | 4 6 |  6.8
Air Magic      | 1 |  1.0
Poison Magic   | 5 6 |  6.6
Spellcasting   | 3 |  3.0
Dodging        | |  1.5
Conjurations   | |  1.5

Action                   |  1- 3 |  4- 6 || total
-------------------------+-------+-------++-------
Melee: Mace              |    93 |    90 ||   183
 Cast: Sting             |     9 |       ||     9
       Poisonous Vapours |    13 |    14 ||    27
       Olgreb's Toxic Ra |       |     4 ||     4
 Abil: Spit Poison       |    19 |     4 ||    23
  Use: Scroll            |     4 |     5 ||     9
       Potion            |       |     3 ||     3
 Stab: Sleeping          |       |     7 ||     7
  Eat: Chunk             |     3 |     8 ||    11
Armor: Robe              |    19 |    16 ||    35
       Skin              |       |    39 ||    39
Dodge: Dodged            |    38 |    64 ||   102

Table legend:
 A = Spawn XP
 B = Non-spawn XP
 C = Spawn XP percentage of total XP
 D = Spawn monster count
 E = Non-spawn monster count
 F = Spawn count percentage of total count
 G = Total turns spent on level
                    A         B        C        D         E        F      G
               +---------+---------+-------+---------+---------+-------+---------
         Total |       0 |     481 |   0.0 |       0 |      84 |   0.0 |  3906
               +---------+---------+-------+---------+---------+-------+---------
           D:1 |       0 |      56 |   0.0 |       0 |      20 |   0.0 |   911
           D:2 |       0 |     129 |   0.0 |       0 |      24 |   0.0 |  1740
           D:3 |       0 |      52 |   0.0 |       0 |      21 |   0.0 |   704
           D:4 |       0 |     226 |   0.0 |       0 |      18 |   0.0 |   511
       Ossuary |       0 |      18 |   0.0 |       0 |       1 |   0.0 |    40
               +---------+---------+-------+---------+---------+-------+---------

Vault maps used:
D:1:      grunt_arrival_crossed_arrows
D:2:      cheibrodos_pilgrimage, lemuel_doored_altar, serial_forest,
          infiniplex_forest_end_3, infiniplex_forest_lined_room_,
          infiniplex_forest_clump_cross, infiniplex_forest_end_double,
          infiniplex_forest_lined_room_, infiniplex_forest_clump_diagonal,
          infiniplex_forest_clump_curved, infiniplex_forest_end_1,
          infiniplex_forest_clump_long
D:3:      portal_sewer_entry_f
D:4:      nicolae_ossuary_entry_plus
Ossuary:  ossuary_tomb_3

Table legend:
 A = Turns spent in this place as a percentage of turns spent in the entire game.
 B = Non-inter-level travel turns spent in this place as a percentage of non-inter-level travel turns spent in the entire game.
 C = Inter-level travel turns spent in this place as a percentage of turns spent in this place.
 D = Turns resting spent in this place as a percentage of non-inter-level travel turns spent in this place.
 E = Turns spent auto-exploring this place as a percentage of non-inter-level travel turns spent in this place.
 F = Non-inter-level travel turns spent in this place divided by the number of levels of this place that you've seen.
                   A       B       C       D       E      F
               +-------+-------+-------+-------+-------+----------------------
         Total | 100.0 | 100.0 |   2.5 |  35.4 |  46.5 | 761.8
       Dungeon |  99.0 |  98.9 |   2.5 |  35.7 |  47.0 | 942.2
       Ossuary |   1.0 |   1.1 |   0.0 |   0.0 |   2.5 |  40.0
               +-------+-------+-------+-------+-------+----------------------

Table legend:
 A = Kills in this place as a percentage of kills in entire the game.
 B = Kills by you in this place as a percentage of kills by you in the entire game.
 C = Kills by friends in this place as a percentage of kills by friends in the entire game.
 D = Other kills in this place as a percentage of other kills in the entire game.
 E = Experience gained in this place as a percentage of experience gained in the entire game.
 F = Experience gained in this place divided by the number of levels of this place that you have seen.
                   A       B       C       D       E      F
               +-------+-------+-------+-------+-------+----------------------
         Total | 100.0 | 100.0 |   N/A |   N/A | 100.0 |  96.2
       Dungeon |  98.8 |  98.8 |   N/A |   N/A |  96.3 | 115.8
       Ossuary |   1.2 |   1.2 |   N/A |   N/A |   3.7 |  18.0
               +-------+-------+-------+-------+-------+----------------------
